 Dungeon Crawl Stone Soup version 0.23.2-1-ga50397a6bc (webtiles) character file.

Game seed: 9478568982251924128

4363 Mrkan the Archer (level 10, -1/91 HPs)
             Began as a Centaur Hunter on May 14, 2019.
             Slain by a vampire (10 damage)
             ... on level 8 of the Dungeon.
             The game lasted 00:30:00 (7952 turns).

Mrkan the Archer (Centaur Hunter)                   Turns: 7952, Time: 00:30:01

Health: -1/91      AC:  7    Str: 17    XL:     10   Next: 12%
Magic:  10/10      EV:  9    Int: 10    God:
Gold:   413        SH:  0    Dex: 11    Spells: 9/9 levels left

rFire    . . .     SeeInvis .   L - +2 shortbow (flame)
rCold    . . .     Gourm    .   (shield currently unavailable)
rNeg     . . .     Faith    .   c - +0 leather armour
rPois    +         Spirit   .   h - +1 hat
rElec    .         Reflect  .   F - scarf {repulsion}
rCorr    .         Harm     .   q - +1 pair of gloves {archery}
MR       .....                  (no barding)
Stlth    +.........             (no amulet)
HPRegen  0.25/turn              B - ring of poison resistance
MPRegen  0.12/turn              (no ring)

@: repel missiles, very quick
A: large, hooves 3, deformed body, speed 2, tough skin 3
a: no special abilities


You were on level 8 of the Dungeon.
You were not hungry.

You visited 2 branches of the dungeon, and saw 10 of its levels.

You collected 413 gold pieces.

Inventory:

Hand Weapons
 a - a +2 shortbow
 b - a +0 short sword
 d - a +1 spear of venom
 C - a +0 shortbow
 E - a +0 battleaxe of electrocution
 L - a +2 shortbow of flaming (weapon)
 S - the +4 flail of Zofung {freeze, Dex+4, unknown}
   (You found it on level 8 of the Dungeon)

   It has been specially enchanted to freeze those struck by it, causing extra
   injury to most foes and up to half again as much damage against particularly
   susceptible opponents.
   It can also slow down cold-blooded creatures.
   It affects your dexterity (+4).
Missiles
 n - 4 needles of sleeping
 t - 144 arrows (quivered)
 x - 14 poisoned needles
 R - 8 javelins
Armour
 c - a +0 leather armour (worn)
 h - a +1 hat (worn)
 q - a +1 pair of gloves of archery (worn)
 u - a +0 helmet
 F - a scarf of repulsion (worn)
 P - a +0 cloak
 T - a +0 ring mail
Jewellery
 B - a ring of poison resistance (left hand)
Wands
 g - a wand of random effects (13)
 y - a wand of paralysis (6)
 A - a wand of disintegration (26)
 K - a wand of clouds (6)
 M - a wand of iceblast (7)
Scrolls
 o - 6 scrolls of identify
 p - 2 scrolls of remove curse
 r - 3 scrolls of amnesia
 v - a scroll of enchant weapon
 G - a scroll of blinking
 J - a scroll of teleportation
 N - 2 scrolls of random uselessness {unknown}
 O - a scroll of noise {unknown}
Potions
 e - 8 potions of curing
 i - a potion of heal wounds
 j - a potion of cancellation {unknown}
 k - 2 potions of berserk rage
 l - a potion of degeneration {unknown}
 m - 2 potions of lignification {unknown}
 s - 3 potions of mutation
 w - 2 potions of flight {unknown}
 z - 2 potions of agility {unknown}
 D - a potion of brilliance {unknown}
 H - a potion of ambrosia {unknown}
 I - 2 potions of might {unknown}
 Q - a potion of haste {unknown}
Comestibles
 f - 14 rations


   Skills:
 * Level 9.6 Fighting
 - Level 2.0 Polearms
 - Level 14.6 Bows
 - Level 1.3 Dodging
 - Level 0.4 Stealth


You had 9 spell levels left.
You didn't know any spells.
Your spell library contained the following spells:

 Spells                   Type           Power        Failure   Level  Hunger
 Animate Skeleton         Necr           N/A          43%         1    ##.....
 Confusing Touch          Hex            #.....       43%         1    ##.....
 Summon Small Mammal      Summ           #...         43%         1    ##.....
 Call Imp                 Summ           #.......     56%         2    ###....
 Poisonous Vapours        Pois/Air       #.....       56%         2    ###....
 Swiftness                Chrm/Air       #.......     56%         2    ###....
 Call Canine Familiar     Summ           #.......     80%         3    ####...
 Confuse                  Hex            #.......     80%         3    ####...
 Gell's Gravitas          Tloc           #.........   80%         3    ####...
 Regeneration             Chrm/Necr      #.........   80%         3    ####...
 Summon Guardian Golem    Hex/Summ       #.......     80%         3    ####...
 Petrify                  Tmut/Erth      #.......     99%         4    #####..
 Summon Ice Beast         Ice/Summ       #.......     99%         4    #####..
 Summon Lightning Spire   Summ/Air       #.......     99%         4    #####..
 Bolt of Draining         Conj/Necr      #.........   100%        5    ######.
 Metabolic Englaciation   Hex/Ice        #.........   100%        5    ######.
 Yara's Violent Unravell  Hex/Tmut       #.........   100%        5    ######.
 Conjure Ball Lightning   Conj/Air       #.........   100%        6    #######


Dungeon Overview and Level Annotations

Branches:
Dungeon (9/15)             Temple (1/1) D:5            Lair (0/6) D:8
    Orc: D:9-12

Altars:
Ashenzari
Dithmenos
Elyvilon
Fedhas
Gozag
Kikubaaqudgha
Makhleb
Vehumet
Wu Jian
Xom
Yredelemnul
Zin


Innate Abilities, Weirdness & Mutations

You have hooves in place of feet.
Armour fits poorly on your strangely shaped body.
You cover ground very quickly.
You have extremely tough skin. (AC +3)


Message History

Unholy energy fills the air.
You climb upwards.
Reactivating autopickup.
There is a stone staircase leading down here.
Deactivating autopickup; reactivate with Ctrl-A.
You clumsily bash something but do no damage.
Your kick misses something. Something completely misses you.
Something bites you but does no damage.
You completely miss something. Something hits you. Something bites you!
* * * LOW HITPOINT WARNING * * *
Something draws strength from your injuries!
Something hits you.
* * * LOW HITPOINT WARNING * * *
Something bites you but does no damage.
You closely miss something. You kick something. Something hits you!
* * * LOW HITPOINT WARNING * * *
Something bites you but does no damage.
You clumsily bash something but do no damage.
You kick something. Something hits you but does no damage. Something bites you!
You die...

#.##########.#
#....#.......#
#.#..#.#####.#######
###.#.....[# #.......#
#........#.#########.#
#.#.......<........#.#
#.###############..#.#
######..................#.#
...............{@...###.#.#
####......................#
####.###########.######.###
.....#.......###.######.#
###..#.#####......(.....# #
#..#.#...#..##.###...## #
#..#.#.#.#..##.# #...# #
#..#.#.#.#..##.###...#
######.#.#.#..##..##...#


There were no monsters in sight!

Vanquished Creatures
  Harold (D:7)
  Joseph (D:8)
  Prince Ribbit (D:8)
  Grinder (D:5)
  3 black bears
  A phantom (D:8)
  4 ogres
  5 centaurs
  Blork the orc (D:5)
  4 bullfrogs
  3 scorpions
  4 killer bees
  4 wights (D:7)
  A howler monkey (D:8)
  A crimson imp (D:6)
  A jelly (D:9)
  An orc priest (D:3)
  6 hounds
  3 iguanas
  4 orc wizards
  A centaur skeleton (D:4)
  Ijyb (D:3)
  5 worker ants
  A killer bee zombie (D:6)
  A hound zombie (D:7)
  Robin (D:3)
  A worker ant zombie (D:7)
  12 adders
  3 gnolls (D:3)
  2 shadow imps
  2 oozes
  An adder skeleton (D:6)
  4 worms
  6 dart slugs
  4 leopard geckos
  16 orcs
  8 giant cockroaches
  19 goblins
  13 hobgoblins
  4 jackals
  4 quokkas
  4 ball pythons
  12 bats
  7 frilled lizards
  6 kobolds
  5 rats
193 creatures vanquished.

Notes
Turn   | Place    | Note
-------+----------+-------------------------------------------
     0 | D:1      | Mrkan the Centaur Hunter began the quest for the Orb.
     0 | D:1      | Reached XP level 1. HP: 17/17 MP: 1/1
   151 | D:1      | You fall through a shaft!
   204 | D:1      | Reached XP level 2. HP: 24/24 MP: 2/2
   261 | D:1      | Reached skill level 6 in Bows
   532 | D:1      | Reached XP level 3. HP: 29/29 MP: 3/3
  1217 | D:2      | Reached skill level 7 in Bows
  1217 | D:2      | Reached XP level 4. HP: 13/37 MP: 4/4
  1660 | D:2      | Found a blossoming altar of Fedhas.
  1756 | D:2      | Reached XP level 5. HP: 9/45 MP: 5/5
  2068 | D:3      | Reached skill level 1 in Polearms
  2215 | D:3      | Noticed Robin
  2426 | D:3      | Killed Robin
  2747 | D:3      | Noticed Ijyb
  2758 | D:3      | Killed Ijyb
  2758 | D:3      | Reached XP level 6. HP: 43/52 MP: 6/6
  3029 | D:4      | Reached skill level 8 in Bows
  3581 | D:4      | Reached skill level 5 in Fighting
  3581 | D:4      | Reached XP level 7. HP: 13/61 MP: 7/7
  4063 | D:4      | Found a burning altar of Makhleb.
  4236 | D:5      | Entered Level 5 of the Dungeon
  4241 | D:5      | Noticed Blork the orc
  4243 | D:5      | Reached skill level 9 in Bows
  4250 | D:5      | Killed Blork the orc
  4380 | D:5      | Noticed Grinder
  4440 | D:5      | Killed Grinder
  4440 | D:5      | Reached XP level 8. HP: 35/71 MP: 8/8
  4499 | D:5      | Found a staircase to the Ecumenical Temple.
  4508 | Temple   | Entered the Ecumenical Temple
  4671 | D:5      | Reached skill level 10 in Bows
  5342 | D:6      | Reached skill level 11 in Bows
  6076 | D:6      | Reached skill level 12 in Bows
  6079 | D:6      | Reached XP level 9. HP: 46/81 MP: 9/9
  6482 | D:7      | Found a shadowy altar of Dithmenos.
  6571 | D:7      | Noticed Harold
  6812 | D:7      | Reached skill level 13 in Bows
  6824 | D:7      | Killed Harold
  6824 | D:7      | Reached skill level 14 in Bows
  7263 | D:8      | Identified Lisoth's Almanac of Flying Stolen Souls
  7328 | D:8      | Found a staircase to the Lair.
  7379 | D:8      | Noticed Prince Ribbit
  7403 | D:8      | Killed Prince Ribbit
  7494 | D:8      | Got a translucent flail
  7618 | D:8      | Noticed Joseph
  7627 | D:8      | Killed Joseph
  7627 | D:8      | Reached XP level 10. HP: 51/91 MP: 10/10
  7952 | D:8      | Slain by a vampire

Skill      XL: |  1  2  3  4  5  6  7  8  9 |
---------------+----------------------------+-----
Bows           | 6 7 8 9 12 14 | 14.6
Fighting       | 3 4 5 6 7 9 |  9.6
Polearms       | 2 |  2.0
Dodging        | |  1.3
Stealth        | |  0.4

Action                   |  1- 3 |  4- 6 |  7- 9 | 10-12 || total
-------------------------+-------+-------+-------+-------++-------
Melee: Shortbow          |    41 |       |       |     5 ||    46
       Kick              |    13 |    60 |     8 |     2 ||    83
       Spear             |    14 |   277 |    23 |       ||   314
 Fire: Shortbow          |    64 |       |   237 |    35 ||   336
  Use: Scroll            |     2 |       |    12 |       ||    14
  Eat: Chunk             |       |     6 |     2 |     2 ||    10
       Ration            |       |       |     2 |       ||     2
Armor: Leather armour    |    46 |    99 |    29 |     6 ||   180
Dodge: Dodged            |    74 |   140 |    78 |     2 ||   294
       Deflected         |       |       |     8 |     1 ||     9
